 Dungeon Crawl Stone Soup version 0.25-a0-42-g6c54e25894 (webtiles) character file.

Game seed: 13339132624718105691, levelgen mode: deterministic

148332 Mort the Stormcaller (level 16, -7/149 HPs)
             Began as a Black Draconian Venom Mage on Oct 21, 2019.
             Was the Champion of Vehumet.
             Mangled by a spark wasp (12 damage)
             ... on level 3 of the Spider Nest on Oct 22, 2019.
             The game lasted 02:47:39 (48404 turns).

Mort the Stormcaller (Black Draconian Venom Mage)  Turns: 48404, Time: 02:47:40

Health: -7/149     AC: 19    Str:  5 (6)  XL:     16   Next: 94%
Magic:  5/51       EV: 17    Int: 16 (21) God:    Vehumet [******]
Gold:   2352       SH:  9    Dex: 12 (13) Spells: 1/41 levels left

rFire    + + .     SeeInvis .   C - +9 long sword "Naukhlog" {flame, rPois rF++ MP+9 Str-5}
rCold    . . .     Gourm    .   g - +3 buckler {AC+3}
rNeg     . . .     Faith    .   (armour unavailable)
rPois    +         Spirit   .   t - +1 hat
rElec    +         Reflect  .   (no cloak)
rCorr    .         Harm     .   V - +2 pair of gloves {archery}
MR       ++...                  e - +2 pair of boots
Stlth    ++........             (no amulet)
HPRegen  0.34/turn              q - ring of magical power
MPRegen  0.32/turn              A - ring of protection from magic

@: starving
A: breathe lightning, unfitting armour, big wings, electricity resistance,
cold-blooded, AC +9
a: Breathe Lightning, Fly, Renounce Religion


You were on level 3 of the Spider Nest.
You worshipped Vehumet.
Vehumet was exalted by your worship.
You were starving.

You visited 5 branches of the dungeon, and saw 28 of its levels.
You visited 1 bazaar.
You also visited: Sewer and Ice Cave.

You collected 2716 gold pieces.
You spent 364 gold pieces at shops.

Inventory:

Hand Weapons
 C - the +9 long sword "Naukhlog" (weapon) {flame, rPois rF++ MP+9 Str-5}
   (You found it on level 6 of the Dungeon)

   It has been specially enchanted to burn those struck by it, causing extra
   injury to most foes and up to half again as much damage against particularly
   susceptible opponents.
   Big, fiery blades are also staple armaments of hydra-hunters.
   It affects your strength (-5).
   It greatly protects you from fire.
   It protects you from poison.
   It affects your magic capacity (+9).
 E - the +5 hunting sling of Aczer {freeze, rPois MR++ Str-2}
   (You found it on level 6 of the Dungeon)

   It causes projectiles fired from it to freeze those they strike, causing
   extra injury to most foes and up to half again as much damage against
   particularly susceptible opponents.
   They can also slow down cold-blooded creatures.
   It affects your strength (-2).
   It protects you from poison.
   It affects your resistance to hostile enchantments.
Missiles
 c - 377 arrows
 i - 875 stones (quivered)
 y - 191 sling bullets
 I - 3 throwing nets
 T - 4 silver javelins
Armour
 e - a +2 pair of boots (worn)
 g - a +3 buckler of protection (worn)
 t - a +1 hat (worn)
 V - a +2 pair of gloves of archery (worn)
Jewellery
 p - an uncursed ring of poison resistance
 q - a ring of magical power (left hand)
 s - an uncursed ring of ice
 A - a ring of protection from magic (right hand)
 G - an uncursed ring of positive energy
 W - an uncursed ring of resist corrosion
Wands
 j - a wand of clouds (3)
 M - a wand of paralysis (13)
 R - a wand of enslavement (15)
 Z - a wand of iceblast (9)
Scrolls
 b - 2 scrolls of vulnerability {unknown}
 d - 2 scrolls of immolation
 h - 3 scrolls of fear
 k - 9 scrolls of teleportation
 u - 4 scrolls of amnesia
 x - 10 scrolls of identify
 D - 6 scrolls of noise
 H - a scroll of blinking
 K - 2 scrolls of fog
 L - 3 scrolls of magic mapping
 O - 2 scrolls of enchant weapon
 P - 6 scrolls of remove curse
 S - 2 scrolls of torment
Potions
 a - 4 potions of agility
 l - a potion of magic
 m - 9 potions of curing
 n - 7 potions of flight
 o - 6 potions of brilliance
 r - a potion of lignification
 v - a potion of might
 w - 2 potions of ambrosia
 z - 4 potions of haste
 F - a potion of heal wounds
 J - 2 potions of cancellation
 N - 4 potions of resistance
 Q - 3 potions of invisibility
 U - a potion of berserk rage
 Y - a potion of mutation
Comestibles
 B - 33 rations
 X - 3 chunks of flesh


   Skills:
 - Level 15.0 Fighting
 - Level 10.0 Dodging
 - Level 1.7 Stealth
 + Level 9.8 Shields
 + Level 13.0 Spellcasting
 + Level 10.1 Conjurations
 + Level 10.2 Fire Magic
 - Level 15.0 Air Magic
 - Level 5.0 Poison Magic


You had one spell level left.
You knew the following spells:

 Your Spells              Type           Power        Failure   Level  Hunger
a - Lightning Bolt        Conj/Air       ######....   1%          5    ####...
b - Poisonous Vapours     Pois/Air       #####.       1%          2    None
c - Mephitic Cloud        Conj/Pois/Air  #####...     1%          3    None
d - Throw Flame           Conj/Fire      #####.       1%          2    None
e - Airstrike             Air            ######....   1%          4    ##.....
f - Swiftness             Chrm/Air       ####....     1%          2    None
g - Fireball              Conj/Fire      #####.....   1%          5    ####...
h - Orb of Destruction    Conj           #####.....   22%         7    #######
i - Conjure Ball Lightni  Conj/Air       ######....   1%          6    ######.
j - Olgreb's Toxic Radia  Pois           ####....     2%          4    ##.....

Your spell library contained the following spells:

 Spells                   Type           Power        Failure   Level  Hunger
 Chain Lightning          Conj/Air       ######....   50%         8    #######
 Ignition                 Fire           #####.....   82%         8    #######
 Tornado                  Air            ######....   96%         9    #######
 Flame Tongue             Conj/Fire      #####        1%          1    None
 Freeze                   Ice            ##..         1%          1    None
 Magic Dart               Conj           ####         1%          1    None
 Shock                    Conj/Air       ####         1%          1    None
 Sting                    Conj/Pois      ####         1%          1    None
 Animate Skeleton         Necr           N/A          7%          1    None
 Apportation              Tloc           ##....       7%          1    None
 Confusing Touch          Hex            ##....       7%          1    None
 Corona                   Hex            ##.....      7%          1    None
 Pain                     Necr           ##..         7%          1    None
 Summon Butterflies       Summ           ##......     7%          1    None
 Summon Small Mammal      Summ           ##..         7%          1    None
 Throw Frost              Conj/Ice       ####..       1%          2    None
 Conjure Flame            Conj/Fire      #####...     1%          3    None
 Dazzling Spray           Conj/Hex       ####..       1%          3    None
 Ignite Poison            Fire/Tmut/Pois ####....     1%          3    None
 Static Discharge         Conj/Air       ######..     1%          3    None
 Throw Icicle             Conj/Ice       ####....     2%          4    ##.....
 Venom Bolt               Conj/Pois      ####......   2%          5    ####...
 Bolt of Fire             Conj/Fire      #####.....   4%          6    ######.
 Irradiate                Conj/Tmut      ####......   6%          5    ####...
 Freezing Cloud           Conj/Ice/Air   #####.....   9%          6    ######.
 Blink                    Tloc           N/A          10%         2    None
 Call Imp                 Summ           ##......     10%         2    None
 Ensorcelled Hibernation  Hex/Ice        ##....       10%         2    None
 Slow                     Hex            ##......     10%         2    None
 Sublimation of Blood     Necr           ##........   10%         2    None
 Call Canine Familiar     Summ           ##......     21%         3    None
 Confuse                  Hex            ##......     21%         3    None
 Gell's Gravitas          Tloc           ##........   21%         3    None
 Lesser Beckoning         Tloc           ##........   21%         3    None
 Ozocubu's Armour         Chrm/Ice       ##......     21%         3    None
 Regeneration             Chrm/Necr      ##........   21%         3    None
 Tukima's Dance           Hex            ##......     21%         3    None
 Vampiric Draining        Necr           ##........   21%         3    None
 Bolt of Cold             Conj/Ice       ####......   30%         6    ######.
 Iron Shot                Conj/Erth      ####......   30%         6    ######.
 Yara's Violent Unravell  Hex/Tmut       ##........   41%         5    ####...
 Animate Dead             Necr           N/A          54%         4    ##.....
 Cause Fear               Hex            ##........   54%         4    ##.....
 Ice Form                 Ice/Tmut       ##......     54%         4    ##.....
 Petrify                  Tmut/Erth      ##......     54%         4    ##.....
 Summon Ice Beast         Ice/Summ       ##......     54%         4    ##.....
 Alistair's Intoxication  Tmut/Pois      ###.....     54%         5    ####...
 Metabolic Englaciation   Hex/Ice        ##........   88%         5    ####...
 Summon Mana Viper        Hex/Summ       ##......     88%         5    ####...
 Ozocubu's Refrigeration  Ice            ##........   91%         6    ######.
 Hydra Form               Tmut           ##........   100%        6    ######.
 Invisibility             Hex            ##......     100%        6    ######.
 Simulacrum               Ice/Necr       ##........   100%        6    ######.
 Statue Form              Tmut/Erth      ##.......    100%        6    ######.
 Dragon Form              Tmut           ##........   100%        7    #######
 Ring of Flames           Chrm/Fire      ####......   100%        7    #######
 Summon Hydra             Summ           ##........   100%        7    #######
 Dragon's Call            Summ           ##........   100%        9    #######


Dungeon Overview and Level Annotations

Branches:
Dungeon (15/15)            Temple (1/1) D:4            Lair (6/6) D:10
  Swamp (0/4) Lair:2       Spider (4/4) Lair:4        Slime (0/5) Lair:5
    Orc (2/2) D:9             Elf (0/3) Orc:2        Vaults (0/5) D:14
 Depths (0/5) D:15          Sewer (visited)           IceCv (visited)

Altars:
Fedhas
Gozag
Hepliaklqana
Makhleb
Nemelex Xobeh
Okawaru
Ru
Vehumet
Wu Jian
Beogh

Shops:
D:4 [   D:13 *   D:15 *   Orc:2 *?((

Annotations:
D:6 3 runed translucent doors, losten's ghost, novice DsGl
D:12 3 runed translucent doors, Deroc's ghost, journeyman FoVM
Spider:1 3 runed translucent doors, Noitea's ghost, adept MfGl


Innate Abilities, Weirdness & Mutations

You can breathe wild blasts of lightning.
Your glossy black scales are hard. (AC +9)
You cannot fit into any form of body armour.
Your large and strong wings let you fly indefinitely.
You are resistant to electric shocks. (rElec)
You are cold-blooded and may be slowed by cold attacks.


Message History

* * * LOW HITPOINT WARNING * * *
The wolf spider hits you!
* * * LOW HITPOINT WARNING * * *
The wolf spider barely misses you. You block the spark wasp's attack.
You block the wolf spider's attack.
The wolf spider bites you but does no damage.
You don't have the energy to cast that spell.
Evoke which item? (* to show all) (? for menu, Esc to quit)
Aiming: Corrosive Bolt
Press: ? - help, Shift-Dir - straight line, f - wolf spider
Aim: a wolf spider (almost dead, clinging)
The bolt of acid misses the wolf spider.
The now-empty wand crumbles to dust.
The spark wasp stings you!
* * * LOW HITPOINT WARNING * * *
The spark wasp shocks you. You resist.
* * * LOW HITPOINT WARNING * * *
The wolf spider barely misses you. The wolf spider bites you.
* * * LOW HITPOINT WARNING * * *
The spark wasp stings you!
You die...

##≈...............#
##≈###...........#
##......##...####
#..^..##........
##..^.#.........
#.....#.........
#.....#.^#......
#####....#≈##.....#
#s@†^.....≈#.......
#≈.y.......≈#^^....
#.^.......##.......
##^........#......#
###.#.....#.^#....
##≈.....####^...
##...<.≈# #....
####.≈## ###^. ####
#..


You could see a spark wasp and a wolf spider.

Vanquished Creatures
  Rupert (Orc:2)
  Kirke (D:15)
  Roxanne (Spider:3)
  2 orc warlords (Orc:1)
  3 ghost moths
  2 spark wasps (Spider:2)
  A yaktaur captain (D:15)
  Harold (D:7)
  Erica (D:11)
  5 hydras
  2 centaur warriors
  A death knight (D:14)
  4 two-headed ogres
  2 tengu warriors (D:15)
  Urug (Lair:6)
  Nergalle (D:9)
  2 skeletal warriors
  A deep troll (shapeshifter) (D:14)
  A wizard (D:14)
  3 unseen horrors
  A necromancer (D:14)
  A phantasmal warrior (D:14)
  7 orc knights (Orc:2)
  21 orb spiders
  22 wolf spiders
  2 orc sorcerers
  3 moths of wrath
  10 ugly things
  2 deep elf magi (Orc:1)
  A manticore (D:13)
  2 oklob plants (Lair:5)
  3 cyclopes
  Psyche (D:8)
  5 black mambas
  3 ice statues (IceCv)
  6 elephants
  2 molten gargoyles (Lair:5)
  4 centaur zombies
  A gargoyle (D:15)
  15 spiny frogs
  5 rime drakes
  8 komodo dragons
  8 demonic crawlers
  A freezing wraith (D:14)
  A yaktaur (D:12)
  41 jumping spiders
  A queen bee (Spider:1)
  6 meliai
  A tengu conjurer (D:15)
  8 trolls
  11 hornets
  4 polar bears
  11 dream sheep
  15 blink frogs
  2 meliai zombies
  Sigmund (D:3)
  10 hippogriffs
  A shadow (D:14)
  76 redbacks
  31 tarantellas
  A vampire (D:14)
  13 spriggans (Lair:6)
  4 wraiths (D:8)
  4 wyverns
  Eustachio (D:4)
  47 yaks
  11 vampire mosquitoes
  2 hungry ghosts
  5 hogs (D:15)
  A steam dragon (D:11)
  2 basilisks
  Menkaure (D:4)
  7 wargs
  9 porcupines
  16 water moccasins
  50 orc warriors
  5 sky beasts
  10 ice beasts
  A swamp drake (Orc:1)
  15 ogres
  7 boggarts
  6 black bears
  2 phantoms
  29 wolves
  4 centaurs
  10 crocodiles
  5 big kobolds
  19 bullfrogs
  A gnoll sergeant (D:9)
  9 scorpions
  4 wights (D:11)
  15 killer bees
  4 electric eels
  4 lava snakes (Lair:5)
  3 bullfrog zombies
  6 crimson imps
  A quasit (D:15)
  5 jellies
  39 orc wizards
  23 orc priests
  2 bullfrog skeletons
  3 centaur skeletons
  10 hounds
  An iron imp (Orc:1)
  5 iguanas
  10 worker ants
  A hound zombie (D:10)
  3 hound skeletons (D:4)
  A worker ant zombie (D:9)
  Robin (D:3)
  10 gnolls
  12 adders
  A shadow imp (Orc:1)
  A white imp (Orc:1)
  2 adder skeletons
  3 worms
  3 leopard geckos
  126 orcs
  3 ball pythons
  14 bats
  7 giant cockroaches
  16 goblins
  16 hobgoblins
  9 jackals
  33 kobolds
  4 quokkas
  6 frilled lizards
  A jackal skeleton (D:4)
  8 rats
  A fungus (Lair:5)
1104 creatures vanquished.

Vanquished Creatures (others)
  47 ball lightnings
  2 orcs (Orc:1)
  12 fungi
  18 plants
79 creatures vanquished.

Grand Total: 1183 creatures vanquished

Notes
Turn   | Place    | Note
-------+----------+-------------------------------------------
     0 | D:1      | Mort the Draconian Venom Mage began the quest for the Orb.
     0 | D:1      | Reached XP level 1. HP: 14/14 MP: 3/3
   377 | D:1      | Reached XP level 2. HP: 20/20 MP: 1/5
   384 | D:1      | Learned a level 2 spell: Poisonous Vapours
  1043 | D:1      | Found a blossoming altar of Fedhas.
  1117 | D:2      | Found a blossoming altar of Fedhas.
  1346 | D:2      | Found a sparkling altar of Nemelex Xobeh.
  1350 | D:2      | Found a radiant altar of Vehumet.
  1350 | D:2      | Found a burning altar of Makhleb.
  1364 | D:2      | Became a worshipper of Vehumet
  1894 | D:2      | Reached XP level 3. HP: 26/26 MP: 2/6
  2278 | D:3      | Reached XP level 4. HP: 12/33 MP: 0/7
  2469 | D:2      | Learned a level 3 spell: Mephitic Cloud
  2855 | D:3      | Noticed Sigmund
  2965 | D:3      | Killed Sigmund
  2965 | D:3      | Reached skill level 5 in Conjurations
  2965 | D:3      | Reached XP level 5. HP: 25/38 MP: 1/8
  2965 | D:3      | Reached XP level 6. HP: 30/45 MP: 1/9
  3162 | D:3      | Reached * piety under Vehumet
  3162 | D:3      | Offered knowledge of Sandblast by Vehumet.
  3402 | D:3      | Noticed Robin
  3407 | D:3      | Killed Robin
  3428 | D:3      | Reached skill level 1 in Fighting
  3721 | D:4      | Reached skill level 1 in Air Magic
  3895 | D:4      | Found a staircase to the Ecumenical Temple.
  3901 | D:4      | Offered knowledge of Throw Flame by Vehumet.
  3912 | D:4      | Learned a level 2 spell: Throw Flame
  3918 | Temple   | Entered the Ecumenical Temple
  4086 | D:4      | Your scales start taking on a glossy black colour.
  4086 | D:4      | Reached XP level 7. HP: 47/55 MP: 11/11
  4086 | D:4      | Gained mutation: You are resistant to electric shocks.
                  | (rElec) [Black Draconian growth]
  4115 | D:4      | Reached ** piety under Vehumet
  4152 | D:4      | Found a hazy altar of Hepliaklqana.
  4232 | D:4      | You fall into a shaft and drop 1 floor!
  4232 | D:5      | Entered Level 5 of the Dungeon
  4891 | D:4      | Noticed Menkaure
  4895 | D:4      | Killed Menkaure
  4900 | D:4      | Reached XP level 8. HP: 37/67 MP: 14/14
  5076 | D:4      | Found Jiwn's Armour Emporium.
  5112 | D:4      | Noticed Eustachio
  5124 | D:4      | Killed Eustachio
  5124 | D:4      | Reached skill level 5 in Fighting
  5210 | D:4      | Reached skill level 5 in Spellcasting
  5796 | D:5      | Found an ornate altar of the Wu Jian Council.
  6387 | D:6      | Found a sacrificial altar of Ru.
  6438 | D:6      | Reached skill level 5 in Air Magic
  6666 | D:6      | Learned a level 4 spell: Airstrike
  6669 | D:6      | Learned a level 2 spell: Swiftness
  6685 | D:6      | Reached XP level 9. HP: 75/75 MP: 12/17
  6771 | D:6      | Identified the +9 long sword "Naukhlog" {flame, rPois rF++
                  | MP+9 Str-5} (You found it on level 6 of the Dungeon)
  6927 | D:6      | Found a glowing drain.
  6940 | Sewer    | Entered a sewer
  6943 | Sewer    | Offered knowledge of Stone Arrow by Vehumet.
  7161 | Sewer    | Found a white marble altar of Elyvilon.
  7344 | D:6      | Reached *** piety under Vehumet
  7380 | D:6      | Got a fine hunting sling
  7433 | D:6      | Found a runed translucent gate.
  7433 | D:6      | Found a runed translucent gate.
  7434 | D:6      | Found a runed translucent gate.
  7434 | D:6      | Found an opulent altar of Gozag.
  7436 | D:6      | Noticed losten's ghost (novice DsGl)
  7513 | D:6      | Found an iron altar of Okawaru.
  7642 | D:6      | Offered knowledge of Fulminant Prism by Vehumet.
  8145 | D:7      | Reached skill level 5 in Dodging
  8184 | D:7      | Identified the +5 hunting sling of Aczer {freeze, rPois
                  | MR++ Str-2} (You found it on level 6 of the Dungeon)
  8277 | D:7      | Noticed Harold
  8287 | D:7      | Killed Harold
  8300 | D:7      | Reached XP level 10. HP: 81/90 MP: 9/18
  8304 | D:7      | Reached **** piety under Vehumet
  8631 | D:8      | Found the +5 scythe "Finisher" {speed, eviscerate}
  8643 | D:8      | Offered knowledge of Fireball by Vehumet.
  8654 | D:8      | Learned a level 5 spell: Fireball
  8919 | D:8      | Noticed Psyche
  8925 | D:8      | Killed Psyche
  9327 | D:9      | Reached skill level 10 in Fighting
  9864 | D:9      | Found a staircase to the Orcish Mines.
 10379 | D:10     | Entered Level 10 of the Dungeon
 10521 | D:10     | Noticed a two-headed ogre
 10531 | D:10     | Noticed an elephant
 10541 | D:10     | Killed a two-headed ogre
 10943 | D:10     | Reached XP level 11. HP: 99/99 MP: 4/19
 11278 | D:10     | Found a staircase to the Lair.
 11564 | D:10     | Reached ***** piety under Vehumet
 11573 | D:10     | Offered knowledge of Orb of Destruction by Vehumet.
 12067 | D:10     | Noticed a two-headed ogre
 12082 | D:10     | Killed a two-headed ogre
 12249 | Lair:1   | Entered Level 1 of the Lair of Beasts
 12864 | Lair:1   | Noticed a five-headed hydra
 12884 | Lair:1   | Killed a five-headed hydra
 12884 | Lair:1   | Reached skill level 10 in Air Magic
 13194 | Lair:1   | Reached skill level 10 in Dodging
 14273 | Lair:2   | Reached XP level 12. HP: 74/106 MP: 24/24
 14398 | Lair:2   | Learned a level 7 spell: Orb of Destruction
 14422 | Lair:2   | Reached skill level 1 in Fire Magic
 14610 | Lair:2   | Found a staircase to the Swamp.
 15389 | Lair:3   | Noticed a four-headed hydra
 15398 | Lair:3   | Killed a four-headed hydra
 15519 | Lair:3   | Reached skill level 5 in Fire Magic
 16269 | Lair:3   | Offered knowledge of Spellforged Servitor by Vehumet.
 16848 | Lair:3   | Reached skill level 10 in Spellcasting
 16927 | Lair:3   | Learned a level 5 spell: Lightning Bolt
 17626 | Lair:4   | Noticed a four-headed hydra
 17632 | Lair:4   | Killed a four-headed hydra
 17983 | Lair:4   | Found a hole to the Spider Nest.
 18234 | Lair:4   | Noticed a five-headed hydra
 18315 | Lair:4   | Killed a five-headed hydra
 18315 | Lair:4   | Reached XP level 13. HP: 113/113 MP: 26/27
 18758 | Lair:5   | Found a staircase to the Slime Pits.
 19621 | Lair:6   | Entered Level 6 of the Lair of Beasts
 21174 | Lair:6   | Offered knowledge of Iskenderun's Battlesphere by Vehumet.
 21176 | Lair:6   | Noticed Urug
 21181 | Lair:6   | Identified a scroll of acquirement
 21214 | Lair:6   | Killed Urug
 21406 | Lair:6   | Reached skill level 1 in Shields
 22099 | Lair:6   | Gained mutation: Your large and strong wings let you fly
                  | indefinitely. [Black Draconian growth]
 22099 | Lair:6   | Reached XP level 14. HP: 86/121 MP: 27/28
 22775 | D:11     | Found a frozen archway.
 22796 | IceCv    | Entered an ice cave
 22809 | IceCv    | Offered knowledge of Bolt of Draining by Vehumet.
 23458 | IceCv    | Reached skill level 10 in Conjurations
 23935 | IceCv    | Got jewelled ice dragon scales
 24607 | D:11     | You fall into a shaft and drop 3 floors!
 24611 | D:14     | Reached skill level 15 in Air Magic
 25277 | D:12     | Identified Firy's Reference Book on Evil Protection
 25565 | D:12     | Found a runed translucent gate.
 25566 | D:12     | Found a runed translucent gate.
 25567 | D:12     | Found a runed translucent gate.
 25568 | D:12     | Noticed Deroc's ghost (journeyman FoVM)
 26018 | D:12     | Offered knowledge of Ozocubu's Refrigeration by Vehumet.
 26455 | D:11     | Noticed Erica
 26464 | D:11     | Killed Erica
 26842 | D:11     | You fall into a shaft and drop 3 floors!
 27238 | D:13     | Found Dix Etu's General Store.
 29612 | D:14     | Reached skill level 5 in Shields
 30246 | D:14     | Found a gate to the Vaults.
 30354 | D:15     | Entered Level 15 of the Dungeon
 30354 | D:15     | Found a flickering gateway to a bazaar.
 30416 | Bazaar   | Entered a bazaar
 30430 | Bazaar   | Found Paofiak's Magic Scroll Shoppe.
 30430 | Bazaar   | Found Biwemol's Magic Scroll Emporium.
 30451 | Bazaar   | Found Idghe's Magic Scroll Emporium.
 30521 | Bazaar   | Bought a scroll of identify for 20 gold pieces
 30521 | Bazaar   | Bought a scroll of identify for 20 gold pieces
 30521 | Bazaar   | Bought a scroll of identify for 20 gold pieces
 30521 | Bazaar   | Bought a scroll of identify for 20 gold pieces
 30521 | Bazaar   | Bought a scroll of identify for 20 gold pieces
 30521 | Bazaar   | Bought a scroll of identify for 20 gold pieces
 30521 | Bazaar   | Bought a scroll of identify for 20 gold pieces
 30521 | Bazaar   | Bought a scroll of enchant weapon for 75 gold pieces
 30541 | Bazaar   | Bought a scroll of identify for 30 gold pieces
 30541 | Bazaar   | Bought a scroll of immolation for 52 gold pieces
 30541 | Bazaar   | Bought a scroll of teleportation for 45 gold pieces
 30547 | Bazaar   | Bought a scroll of fog for 22 gold pieces
 30609 | D:15     | Found Fuydwot's Assorted Antiques.
 30687 | D:15     | Offered knowledge of Conjure Ball Lightning by Vehumet.
 31020 | D:15     | Reached XP level 15. HP: 102/135 MP: 25/29
 31087 | D:15     | Found a staircase to the Depths.
 31255 | D:15     | Noticed Kirke
 31431 | D:15     | Noticed a sphinx
 31431 | D:15     | Killed Kirke
 31952 | Orc:1    | Entered Level 1 of the Orcish Mines
 31955 | Orc:1    | Noticed Nergalle
 32117 | D:9      | Killed Nergalle
 32673 | Orc:1    | Found a roughly hewn altar of Beogh.
 32684 | Orc:1    | Learned a level 6 spell: Conjure Ball Lightning
 33291 | Orc:2    | Entered Level 2 of the Orcish Mines
 33294 | Orc:2    | Noticed an orc warlord
 34068 | Orc:2    | Noticed Rupert
 34084 | Orc:2    | Killed Rupert
 34589 | Orc:2    | Offered knowledge of Iron Shot by Vehumet.
 34956 | Orc:2    | Found Jicienal's Antique Weapon Shoppe.
 34956 | Orc:2    | Found Sigeunui's Antique Weapon Boutique.
 35030 | Orc:2    | Noticed an orc warlord
 35284 | Orc:1    | Killed an orc warlord
 35875 | Orc:1    | Killed an orc warlord
 36071 | Orc:2    | Reached ****** piety under Vehumet
 36147 | Orc:2    | Found a staircase to the Elven Halls.
 36291 | Orc:2    | Found a roughly hewn altar of Beogh.
 36491 | Orc:2    | Found Rus Pacsin's Assorted Antiques.
 36491 | Orc:2    | Found Keurrix's Magic Scroll Boutique.
 36922 | Spider:1 | Entered Level 1 of the Spider Nest
 37256 | Spider:1 | Learned a level 4 spell: Olgreb's Toxic Radiance
 37626 | Spider:1 | Killed a ghost moth
 38094 | Spider:1 | Offered knowledge of Chain Lightning by Vehumet.
 38094 | Spider:1 | Offered knowledge of Tornado by Vehumet.
 38094 | Spider:1 | Offered knowledge of Ignition by Vehumet.
 38770 | Spider:1 | Found a runed translucent gate.
 38770 | Spider:1 | Found a runed translucent gate.
 38770 | Spider:1 | Found a runed translucent gate.
 38771 | Spider:1 | Noticed Noitea's ghost (adept MfGl)
 39536 | Spider:2 | Killed a ghost moth
 39536 | Spider:2 | Reached skill level 10 in Fire Magic
 39536 | Spider:2 | Reached XP level 16. HP: 87/143 MP: 5/33
 39933 | Spider:2 | Identified the Catalogue of Mutagenic Stones
 41014 | Spider:2 | Upgraded the game from 0.25-a0-41-g6cf4ce537d to
                  | 0.25-a0-42-g6c54e25894
 41050 | Spider:2 | HP: 6/144 [demonic crawler (11)]
 42040 | Spider:1 | HP: 6/144 [poisoned by a wolf spider]
 42580 | Spider:2 | Reached skill level 5 in Poison Magic
 45269 | Spider:3 | Noticed Roxanne
 45888 | Spider:3 | Killed Roxanne
 46048 | Spider:4 | Entered Level 4 of the Spider Nest
 48116 | Spider:4 | Reached skill level 15 in Fighting
 48404 | Spider:3 | HP: 5/149 [wolf spider (6)]
 48404 | Spider:3 | Mangled by a spark wasp

Levels and vault maps discovered:
D:1:      dpeg_arrival_lava_altar, layout_basic, serial_bayou_ford_a
D:2:      layout_loops_ring, grunt_temple_overflow_open, first_ration,
          fedhas_altar_1
D:3:      layout_rooms, uniq_robin, uniq_sigmund
D:4:      layout_loops_ring, kennysheep_little_box, minmay_temple_entry_wispy,
          serial_shops, shop, uniq_eustachio, uniq_menkaure
D:5:      layout_basic, overflow_temple_1_default
D:6:      minmay_opposing_rooms, layout_basic, nicolae_ru_sacrificial_ziggurat,
          portal_sewer_entry_a, ebering_ghost_gozag, okawaru_altar_gauntlet_db
D:7:      layout_cave_pools, grunt_ogre_cave, corexii_checkpoint_a, uniq_harold
D:8:      layout_basic, minmay_guarded_unrand_finisher, uniq_psyche
D:9:      layout_irregular_city, orc_0_dummy, minmay_holes,
          kennysheep_generic_room_3
D:10:     layout_gridville, david_lair_generic
D:11:     layout_small_grid, portal_ice_cave_entry_pillars_2, uniq_erica
D:12:     layout_basic, gammafunk_ghost_necromancy,
          minmay_fractal_squares_gapless_5
D:13:     layout_roguey, serial_shops, nicolae_shop_stone
D:14:     layout_long_grid, david_vaults_1, minmay_splitting_lines
D:15:     grunt_enter_depths_snipers, layout_long_grid, serial_shops,
          bzr_entry_gold, nicolae_shop_overgrown_old_shop, columned_hall_lemuel,
          uniq_kirke
Temple:   eino_temple_scatter_basement
Lair:1:   layout_loops_ring
Lair:2:   layout_big_grid, swamp_mist
Lair:3:   layout_roguey, chequers_serial_rivers_room_a, roderic_batcave,
          beast_lair_carwin_6, lemuel_fruit_tree
Lair:4:   layout_gridlike, spider_nest_entry_a, lemuel_fruit_fields
Lair:5:   cheibrodos_magma_flow, layout_cave_pods,
          minmay_slime_entry_oklob_open, infiniplex_staircase_pool
Lair:6:   minmay_lair_end_enchanted_forest, layout_hall_layers,
          minmay_hedge_maze, grunt_megastairs_2, uniq_urug
Spider:1: layout_spider_delve, gammafunk_ghost_tricky_traps,
          nicolae_looking_at_the_future
Spider:2: layout_spider_delve, special_room, einodemon_crawler_minivault
Spider:3: layout_spider_delve, drop_trap, uniq_roxanne
Spider:4: grunt_spider_rune_parallel
Orc:1:    layout_diamond_mine, basic_altar, hangedman_minor_magic, uniq_nergalle
Orc:2:    st_orc_town, layout_diamond_mine, uniq_rupert

Skill      XL: |  1  2  3  4  5  6  7  8  9 10 11 12 13 14 15 16 |
---------------+-------------------------------------------------+-----
Conjurations   | 2 5 6 9 10 | 10.1
Poison Magic   | 4 5 |  5.0
Fighting       | 2 4 6 8 10 13 15 | 15.0
Air Magic      | 2 3 5 8 10 12 14 15 | 15.0
Spellcasting   | 4 5 8 10 13 | 13.0
Dodging        | 3 6 8 10 | 10.0
Fire Magic     | 6 7 10 | 10.2
Shields        | 3 5 9 |  9.8
Stealth        | |  1.7

Action                   |  1- 3 |  4- 6 |  7- 9 | 10-12 | 13-15 | 16-18 || total
-------------------------+-------+-------+-------+-------+-------+-------++-------
Melee: Whip              |       |    49 |    78 |       |       |       ||   127
       Tailslap          |       |     2 |    10 |    23 |    63 |    16 ||   114
       Long sword        |       |       |    60 |   205 |   457 |   123 ||   845
 Cast: Sting             |    48 |    50 |     7 |       |       |       ||   105
       Poisonous Vapours |    19 |    29 |   109 |   160 |   204 |    45 ||   566
       Throw Flame       |       |       |     9 |       |       |       ||     9
       Airstrike         |       |       |    28 |   300 |   942 |   244 ||  1514
       Mephitic Cloud    |       |       |     1 |     4 |    13 |       ||    18
       Lightning Bolt    |       |       |       |       |    38 |    10 ||    48
       Fireball          |       |       |       |       |     2 |       ||     2
       Olgreb's Toxic Ra |       |       |       |       |    13 |    53 ||    66
       Conjure Ball Ligh |       |       |       |       |    13 |    10 ||    23
       Swiftness         |       |       |       |       |       |     2 ||     2
 Abil: Breathe Lightning |       |       |     1 |     3 |     1 |     1 ||     6
Evoke: Wand              |       |       |       |       |     9 |    15 ||    24
  Use: Scroll            |       |     5 |    11 |    13 |    11 |     6 ||    46
       Potion            |       |       |     1 |       |     3 |     8 ||    12
 Stab: Sleeping          |       |     1 |       |     2 |     1 |       ||     4
       Confused          |       |       |       |     1 |     9 |       ||    10
       Held in net/web   |       |       |       |       |       |     1 ||     1
  Eat: Chunk             |     3 |     8 |    18 |    43 |    83 |    11 ||   166
       Ration            |     1 |       |       |     7 |     9 |     6 ||    23
Armor: Skin              |     3 |    21 |    74 |   101 |   355 |   277 ||   831
Dodge: Dodged            |     1 |    30 |   135 |   331 |   789 |   405 ||  1691
Block: Buckler           |       |       |       |       |   241 |   198 ||   439
       Rpst.: Long sword |       |       |    16 |    85 |   186 |    80 ||   367

Table legend:
 A = Non-vault XP
 B = Vault XP
 C = Vault XP percentage of total XP
 D = Non-vault monster count
 E = Vault monster count
 F = Vault count percentage of total count
                 A         B        C        D         E       F
            +---------+---------+-------+---------+---------+-------
      Total |  146288 |   65615 |  31.0 |     799 |     304 |  27.6
            +---------+---------+-------+---------+---------+-------
        D:1 |      24 |       0 |   0.0 |      13 |       0 |   0.0
        D:2 |      40 |       0 |   0.0 |      15 |       0 |   0.0
        D:3 |     180 |     277 |  60.6 |      28 |      14 |  33.3
        D:4 |     623 |     374 |  37.5 |      21 |       2 |   8.7
        D:5 |     451 |       0 |   0.0 |      14 |       0 |   0.0
        D:6 |    1045 |     169 |  13.9 |      18 |      14 |  43.8
        D:7 |    1476 |    1135 |  43.5 |      27 |       4 |  12.9
        D:8 |     368 |    1310 |  78.1 |       7 |       5 |  41.7
        D:9 |    1280 |     955 |  42.7 |      34 |       3 |   8.1
       D:10 |    5752 |     848 |  12.8 |      52 |       4 |   7.1
       D:11 |    3035 |     992 |  24.6 |      34 |       1 |   2.9
       D:12 |    4063 |     713 |  14.9 |      42 |       5 |  10.6
       D:13 |    2201 |       0 |   0.0 |       6 |       0 |   0.0
       D:14 |   13488 |    2968 |  18.0 |      53 |       5 |   8.6
       D:15 |    4473 |    5491 |  55.1 |      11 |       9 |  45.0
     Lair:1 |    6548 |       0 |   0.0 |      27 |       0 |   0.0
     Lair:2 |    3047 |       0 |   0.0 |      17 |       0 |   0.0
     Lair:3 |    8167 |    2920 |  26.3 |      29 |      17 |  37.0
     Lair:4 |    4872 |     558 |  10.3 |      17 |       2 |  10.5
     Lair:5 |    6956 |    2618 |  27.3 |      29 |      10 |  25.6
     Lair:6 |    8985 |    9644 |  51.8 |      37 |      52 |  58.4
   Spider:1 |   11981 |    1938 |  13.9 |      36 |      15 |  29.4
   Spider:2 |   21833 |    1432 |   6.2 |      58 |       6 |   9.4
   Spider:3 |   10431 |    1956 |  15.8 |      30 |       1 |   3.2
   Spider:4 |   14896 |   13558 |  47.6 |      46 |      39 |  45.9
      Orc:1 |    6047 |    1884 |  23.8 |      32 |      17 |  34.7
      Orc:2 |    4026 |   10500 |  72.3 |      66 |      58 |  46.8
      Sewer |       0 |     110 | 100.0 |       0 |      10 | 100.0
      IceCv |       0 |    3265 | 100.0 |       0 |      11 | 100.0
            +---------+---------+-------+---------+---------+-------
